 Dungeon Crawl Stone Soup version 0.30-a0-867-g305f33218d (webtiles) character file.

Game seed: 6198465287968708078

175 Grim the Ruffian (level 5, -5/45 HPs)
             Began as a Ghoul Monk on Mar 10, 2023.
             Splashed by a jelly's acid (9 damage)
             ... on level 3 of the Dungeon.
             The game lasted 00:04:41 (2068 turns).

Grim the Ruffian (Ghoul Monk)                       Turns: 2068, Time: 00:04:42

Health: -5/45      AC: -4    Str: 15    XL:     5   Next: 55%
Magic:  4/4        EV: 12    Int:  7    God:
Gold:   138        SH:  0    Dex: 11    Spells: 4/4 levels left

rFire   + . .      SeeInvis .      - Unarmed
rCold   + . .      Faith    .    (no shield)
rNeg    + + +      Spirit   .    h - +0 leather armour
rPois   ∞          Reflect  .    (no helmet)
rElec   .          Rampage  .    i - +0 cloak
rCorr   .                        (no gloves)
Will    .....                    (no boots)
Stlth   ++                       (no amulet)
HPRegen 0.00/turn                d - ring of protection from fire
MPRegen 0.09/turn                (no ring)

@: corroded, inhibited regen
A: claws 1, cold resistance 1, negative energy resistance 3, inhibited
regeneration, torment resistance 2, devour on kill
a: no special abilities


You were on level 3 of the Dungeon.
You visited 1 branch of the dungeon, and saw 3 of its levels.

You collected 138 gold pieces.

Inventory:

Armour
 a - a +0 robe
 h - a +0 leather armour (worn)
 i - a +0 cloak (worn)
Jewellery
 d - a ring of protection from fire (left claw)
 r - a ring of flight
Wands
 s - a wand of polymorph (11)
Scrolls
 e - a scroll of amnesia {unknown}
 g - a scroll of immolation {unknown}
 m - a scroll of enchant armour {unknown}
 n - 2 scrolls of teleportation {unknown}
 t - a scroll of blinking {unknown}
 u - a scroll of identify {unknown}
 v - a scroll of enchant weapon {unknown}
Potions
 b - a potion of ambrosia
 c - a potion of flight {unknown}
 f - 2 potions of brilliance {unknown}
 j - a potion of curing {unknown}
 k - a potion of berserk rage {unknown}
 l - 3 potions of heal wounds {unknown}
 o - a potion of haste {unknown}
 p - a potion of attraction {unknown}
 q - 2 potions of degeneration {unknown}


   Skills:
 - Level 3.2 Fighting
 - Level 2.6 Dodging
 - Level 2.1 Stealth
 + Level 6.7 Unarmed Combat


You had 4 spell levels left.
You didn't know any spells.
Your spell library was empty.

Dungeon Overview and Level Annotations

Branches:
Dungeon (3/15)

Altars:


Innate Abilities, Weirdness & Mutations

You are immune to poison.
You have sharp fingernails.
Your flesh is cold resistant. (rC+)
You are immune to negative energy. (rN+++)
You do not regenerate when monsters are visible.
You are immune to unholy pain and torment.
You thrive by killing the living.


Message History

The ball python completely misses you. The ball python grabs you.
The ball python constricts you.
You claw the ball python!
You kill the ball python!
No target in view!
An endoplasm comes into view.
You see here a scroll labelled LUONGE HOVYEVE.
An endoplasm is nearby!
The endoplasm quivers.
A jelly comes into view.
The endoplasm freezes you.
You are frozen.
You resist.
You claw the endoplasm!
You kill the endoplasm!
The helpless jelly fails to defend itself.
You claw the jelly! The acid corrodes you!
Your claws burn!
The jelly is heavily wounded.
You scratch the jelly but do no damage.
Your claws burn!
The jelly is heavily wounded.
The jelly hits you. The acid corrodes you!
You are splashed with acid!
* * * LOW HITPOINT WARNING * * *
You scratch the jelly but do no damage.
Your claws burn!
* * * LOW HITPOINT WARNING * * *
The jelly is heavily wounded.
The jelly hits you.
* * * LOW HITPOINT WARNING * * *
You are splashed with acid.
* * * LOW HITPOINT WARNING * * *
You scratch the jelly but do no damage.
Your claws burn!
* * * LOW HITPOINT WARNING * * *
The jelly is heavily wounded.
The jelly barely misses you.
Unknown command.
You scratch the jelly but do no damage.
Your claws burn!
* * * LOW HITPOINT WARNING * * *
The jelly is heavily wounded.
The jelly hits you.
* * * LOW HITPOINT WARNING * * *
You are splashed with acid!
You die...

.........#####.#####........#
..........))................#
.........#####.######...###..
.............#.### #........
.........###.#...####...###..
.........# #.###.##.)..).....
.........# #.# #.##.#.....)..
.........# #J# #....#..###...
########.# #@# ####..>.......
#######.###.######.#........
........?...................
#######.##.#######.########.
#....... #.# #. #....PPP..#
#.# #. #..PP..P..# #.# #.
........P.# #. ...PP.P.....
#.


You could see a jelly.

Vanquished Creatures
  Jessica (D:2)
  2 adders (D:2)
  5 gnolls (D:3)
  A worm (D:2)
  2 dart slugs (D:1)
  3 orcs (D:3)
  5 bats
  6 endoplasms
  3 giant cockroaches
  4 goblins
  4 hobgoblins
  5 jackals
  9 quokkas
  6 ball pythons
  A frilled lizard (D:1)
  4 kobolds
  9 rats
70 creatures vanquished.

Vanquished Creatures (others)
  3 plants (D:3)
3 creatures vanquished.

Grand Total: 73 creatures vanquished

Notes
Turn   | Place    | Note
-------+----------+-------------------------------------------
     0 | D:1      | Grim the Ghoul Monk began the quest for the Orb.
     0 | D:1      | Reached XP level 1. HP: 19/19 MP: 0/0
   128 | D:1      | Reached XP level 2. HP: 26/26 MP: 1/1
   170 | D:1      | Reached skill level 4 in Unarmed Combat
   244 | D:1      | Found a faded altar of an unknown god.
   435 | D:1      | Reached XP level 3. HP: 30/31 MP: 2/2
   824 | D:2      | Reached skill level 5 in Unarmed Combat
  1022 | D:2      | Reached XP level 4. HP: 37/38 MP: 3/3
  1220 | D:2      | Noticed Jessica
  1228 | D:2      | Killed Jessica
  1229 | D:2      | Reached skill level 6 in Unarmed Combat
  1458 | D:2      | Noticed Sigmund
  1460 | D:2      | Sigmund changed into Sigmund the bat
  1460 | D:2      | Noticed Sigmund
  1465 | D:2      | Killed Sigmund the bat
  1626 | D:3      | Reached XP level 5. HP: 18/45 MP: 4/4
  2068 | D:3      | Splashed by a jelly's acid

Illustrated notes

Levels and vault maps discovered:
D:1:      tarquinn_simple_flora_water_f, layout_basic,
          shapermc_ecumenical_altar_mp_vishouse, serial_aquarium,
          aquarium_bridge_square [aquarium_subvault_bridge,
          aquarium_subvault_wall, aquarium_subvault_balcony,
          aquarium_subvault_wall], aquarium_window_corridor_2,
          aquarium_window_2, aquarium_window_1, aquarium_window_corner,
          aquarium_view_2e, aquarium_view_2f, aquarium_balcony_5b
D:2:      layout_loops_ring, kennysheep_jessica_study, uniq_sigmund
D:3:      layout_basic, nicolae_grassy_gnolls

Skill      XL: |  1  2  3  4 |
---------------+-------------+-----
Unarmed Combat | 4 5 6 |  6.7
Fighting       | |  3.2
Dodging        | |  2.6
Stealth        | |  2.1

Action                     |  1- 3 |  4- 6 || total
---------------------------+-------+-------++-------
  Melee: Unarmed           |   104 |    70 ||   174
         Punch             |     1 |     4 ||     5
  Evoke: Wand              |       |     2 ||     2
   Stab: Sleeping          |     4 |     3 ||     7
 Armour: Robe              |     4 |       ||     4
         Leather armour    |    17 |     9 ||    26
  Dodge: Dodged            |    54 |    45 ||    99

Table legend: (Time is in decaauts)
 A = Elapsed time spent in this place.
 B = Non-inter-level travel time spent in this place.
 C = Inter-level travel time spent in this place.
 D = Time resting spent in this place.
 E = Time spent auto-exploring this place.
 F = Levels seen in this place.
 G = Mean time per level.
                   A        B        C        D        E       F      G
               +--------+--------+--------+--------+--------+-----+--------+
         Total |   2051 |   2027 |     24 |    361 |   1258 |   3 |  683.7 |
       Dungeon |   2051 |   2027 |     24 |    361 |   1258 |   3 |  683.7 |
               +--------+--------+--------+--------+--------+-----+--------+

Top non-repeatable levels by time:
     D:2: 837 daAuts
     D:1: 766 daAuts
     D:3: 447 daAuts
